 Dungeon Crawl Stone Soup version 0.30-a0-253-g6b895097cc (webtiles) character file.

Game seed: 258062457722397779

32890 Essalna the Destroyer (level 13, -3/87 HPs)
             Began as a Gargoyle Fire Elementalist on Oct 13, 2022.
             Was a High Priest of Vehumet.
             Engulfed by a cloud of flame (39 damage)
             ... on level 3 of the Lair of Beasts.
             The game lasted 00:55:15 (19713 turns).

Essalna the Destroyer (Gargoyle Fire Elementalist) Turns: 19713, Time: 00:55:15

Health: -3/87      AC: 41    Str: 17    XL:     13   Next: 67%
Magic:  14/16      EV:  9    Int: 26    God:    Vehumet [*****.]
Gold:   4294       SH:  4    Dex: 10    Spells: 9/16 levels left

rFire   x . .      SeeInvis +    A - +9 mace of Disgust {protect, Str+2}
rCold   + + .      Faith    .    E - +0 buckler
rNeg    + . .      Spirit   .    i - +1 ice dragon scales of Free Expression {rF- rC++ Str+2}
rPois   ∞          Reflect  .    d - +2 hat
rElec   +          Harm     .    G - scarf {repulsion}
rCorr   .          Rampage  ∞    f - +2 pair of gloves
Will    .....                    J - +3 pair of seven-league boots {Rampage+∞}
Stlth   ..........               (no amulet)
HPRegen 0.34/turn                t - ring of see invisible
MPRegen 0.15/turn                F - +6 ring of intelligence

@: under a protective aura, repel missiles
A: sickness immunity, AC +9, negative energy resistance 1, electricity
resistance, torment resistance 1, petrification resistance
a: Renounce Religion


You were on level 3 of the Lair of Beasts.
You worshipped Vehumet.
Vehumet was extremely pleased with you.
You visited 3 branches of the dungeon, and saw 18 of its levels.
You also visited: Ossuary.

You collected 4294 gold pieces.

Inventory:

Hand Weapons
 h - a +1 vorpal dagger
 A - the +9 mace of Disgust (weapon) {protect, Str+2}
   (You found it on level 2 of the Lair of Beasts)

   It grants its wielder temporary protection when it strikes (+7 to AC).
   Str:       It affects your strength (+2).
Missiles
 o - a throwing net
Armour
 a - a +0 robe
 d - a +2 hat (worn)
 f - a +2 pair of gloves (worn)
 i - the +1 ice dragon scales of Free Expression (worn) {rF- rC++ Str+2}
   (You found it on level 2 of the Dungeon)

   Str:       It affects your strength (+2).
   rF:        It makes you vulnerable to fire.
   rC:        It greatly protects you from cold.
 j - a +0 pair of boots
 E - a +0 buckler (worn)
 G - a scarf of repulsion (worn)
 J - the +3 pair of seven-league boots (worn) {Rampage+∞}
   (You found it on level 2 of the Lair of Beasts)

   Its wearer moves as far as possible in that direction when moving towards
   enemies.
 K - a +0 troll leather armour
Magical Staves
 x - a staff of poison
Jewellery
 g - a ring of wizardry
 n - a +6 ring of dexterity
 q - a +6 ring of strength
 t - a ring of see invisible (left hand)
 F - a +6 ring of intelligence (right hand)
Wands
 r - a wand of flame (40)
 D - a wand of paralysis (23)
 H - a wand of digging (3)
 I - a wand of iceblast (17)
Scrolls
 c - 2 scrolls of enchant weapon
 e - 4 scrolls of amnesia
 v - 5 scrolls of teleportation
 y - 3 scrolls of identify
 z - 3 scrolls of blinking
 C - a scroll of poison
Potions
 b - 3 potions of mutation
 k - 2 potions of curing
 l - 3 potions of attraction
 m - a potion of haste
 p - 5 potions of lignification
 s - 2 potions of invisibility
 u - 9 potions of degeneration
 w - a potion of brilliance
 B - a potion of cancellation


   Skills:
 + Level 12.9 Fighting
 - Level 11.0 Armour
 - Level 1.5 Dodging
 - Level 2.1 Stealth
 - Level 4.0 Shields
 - Level 2.0 Spellcasting
 + Level 13.0 Conjurations
 + Level 12.3 Fire Magic


You had 9 spell levels left.
You knew the following spells:

 Your Spells              Type           Power      Damage    Failure   Level
a - Foxfire               Conj/Fire      100%       2x1d9     1%          1
b - Scorch                Fire           100%       2d10      1%          2
c - Flame Wave            Conj/Fire      62%        2d14      1%          4

Your spell library contained the following spells:

 Spells                   Type           Power      Damage    Failure   Level
 Conjure Ball Lightning   Conj/Air       18%        3x3d6     71%         6
 Sticky Flame             Conj/Fire      62%        2d8       1%          4
 Inner Flame              Hex/Fire       34%        N/A       3%          3
 Kindle Blastsparks       Fire/Tloc/Air  46%        2d13      7%          3
 Poisonous Vapours        Pois/Air       4%         N/A       17%         2
 Arcjolt                  Conj/Air       18%        1d28      21%         5
 Frozen Ramparts          Ice            4%         1d1       32%         3
 Sting                    Tmut/Pois      8%         1d3       41%         1
 Blink                    Tloc           4%         N/A       54%         2
 Olgreb's Toxic Radiance  Pois           2%         N/A       69%         4
 Gell's Gravitas          Tloc           2%         N/A       78%         3
 Ozocubu's Armour         Ice            2%         N/A       78%         3
 Teleport Other           Tloc           2%         N/A       78%         3
 Vhi's Electric Charge    Tloc/Air       4%         N/A       78%         3
 Ice Form                 Ice/Tmut       2%         N/A       99%         4
 Manifold Assault         Tloc           2%         N/A       99%         4
 Summon Ice Beast         Ice/Summ       2%         N/A       99%         4
 Metabolic Englaciation   Hex/Ice        1%         N/A       100%        5
 Dispersal                Tloc           1%         N/A       100%        6
 Simulacrum               Ice/Necr       1%         N/A       100%        6
 Ozocubu's Refrigeration  Ice            1%         4d7       100%        7
 Storm Form               Tmut/Air       1%         N/A       100%        7
 Maxwell's Capacitive Co  Air            1%         ∞         100%        8


Dungeon Overview and Level Annotations

Branches:
Dungeon (14/15)            Temple (0/1) D:6            Lair (3/5) D:9
  Snake (0/4) Lair:2          Orc (1/2) D:12         Vaults (0/5) D:14
Ossuary (visited)
  Swamp: Lair:2-3    Shoals: Lair:2-3

Altars:
Cheibriados
Elyvilon
Gozag
Hepliaklqana
Kikubaaqudgha
Makhleb
Nemelex Xobeh
Ru
Trog
Vehumet
Wu Jian
The Shining One

Shops:
D:4 **

Annotations:
D:9 2 transporters
Lair:1 exclusion: oklob plant, Harold


Innate Abilities, Weirdness & Mutations

You are immune to sickness and miasma.
Your stone body is resilient. (AC +9)
You are immune to poison.
You resist negative energy. (rN+)
You are resistant to electric shocks. (rElec)
You are resistant to unholy torment.
You are immune to petrification.


Message History

You hit the cane toad.
The cane toad is lightly wounded.
The cane toad closely misses you. The cane toad stings you.
You barely miss the cane toad.
The cane toad is lightly wounded.
The cane toad stings you!
You thump the cane toad!
The cane toad is heavily wounded.
The cane toad stings you but does no damage. x2
You sock the cane toad!
The cane toad is severely wounded.
The cane toad stings you.
The cane toad stings you but does no damage.
You sock the cane toad!
The cane toad is almost dead.
You block the cane toad's attack. The cane toad stings you.
You are too injured to fight recklessly!
You are too injured to fight recklessly!
You are too injured to fight recklessly!
You are too injured to fight recklessly!
Casting: Scorch (safe; 1% risk of failure)
Confirm with . or Enter, or press ? or * to list all spells.
Casting: Flame Wave (mildly dangerous; 1% risk of failure)
Press: ? - help, Dir - look around, f - activate A wave of flame ripples out!
The tree burns like a torch!
The flame wave engulfs the cane toad!
You kill the cane toad!
Vehumet accepts your kill.
You feel your power returning. (Press . to intensify the flame waves.)
You hear a trumpeting!
The forest fire spreads!
A wave of flame ripples out!
The flame wave engulfs the yak!
The yak is moderately wounded.
The tree burns like a torch!
You are engulfed in blazing flames.
You hear an angry hiss. x2; You hear a croak.
The yak is engulfed in a forest fire.
You block the yak's attack. The yak attacks as you move away!
The yak gores you but does no damage.
You are engulfed in blazing flames.
You die...

##∩##
##...##
#.[..<#
#>....#
#....<#
##...##
###∩###
#§§§§§#
#§§§@§#
#§§§§§#
#§§Y§§#
#§§§§§#
#.###.#
♣. .#
.. .#
♣♣ .#


You could see a yak.

Vanquished Creatures
  Gastronok (Lair:2)
  A hydra (Lair:2)
  A catoblepas (Lair:2)
  3 centaur warriors
  4 two-headed ogres
  Nergalle (D:11)
  Sonja (D:11)
  3 cyclopes
  2 ugly things
  A deep elf pyromancer (D:10)
  An orc sorcerer (Orc:1)
  4 manticores
  An elephant (Lair:2)
  A black mamba (Lair:2)
  A gargoyle (D:11)
  4 cane toads
  An unseen horror (D:10)
  4 komodo dragons
  A polar bear (Lair:1)
  A hornet (D:9)
  3 trolls
  A meliai (D:10)
  3 blink frogs (Lair:2)
  2 slime creatures (D:13)
  Sigmund (D:6)
  16 yaks
  4 wyverns
  2 wraiths
  A fire elemental (D:12)
  A basilisk (D:9)
  Grum (D:9)
  3 vampire mosquitoes
  A steam dragon (D:9)
  A warg (Orc:1)
  4 acid dragons
  2 nagas (Lair:2)
  7 water moccasins
  A sky beast (D:6)
  6 orc warriors
  2 black bears
  3 ogres
  11 wolves
  5 boggarts (D:14)
  10 centaurs
  5 kobold brigands
  2 gnoll sergeants (D:10)
  5 bullfrogs
  2 necrophages (D:6)
  6 scorpions
  23 wights
  24 killer bees
  7 howler monkeys
  2 centaur zombies (Ossuary)
  7 hounds
  A human zombie (Ossuary)
  10 orc priests
  3 jellies
  5 iguanas
  13 orc wizards
  4 mummies (Ossuary)
  7 adders
  16 gnolls
  A shadow imp (D:6)
  2 white imps
  A howler monkey simulacrum (D:10)
  An ufetubus (D:5)
  2 worms
  4 dart slugs
  33 orcs
  4 endoplasms
  A giant cockroach (D:2)
  6 goblins
  12 hobgoblins
  7 jackals (D:1)
  23 kobolds
  A quokka (D:5)
  10 ball pythons
  3 bats (D:1)
  4 frilled lizards
  A gnoll zombie (Ossuary)
  A goblin zombie (Ossuary)
  A hobgoblin zombie (Ossuary)
  2 orc zombies (Ossuary)
  6 rats
396 creatures vanquished.

Vanquished Creatures (collateral kills)
  A boulder beetle (Lair:2)
  A death yak (Lair:2)
  A guardian serpent (Lair:2)
  A gnoll bouda (D:4)
  2 gnolls (D:4)
  A white imp (D:4)
  32 foxfires
39 creatures vanquished.

Vanquished Creatures (others)
  1223 foxfires
  3 fungi (Lair:2)
  3 plants (Lair:2)
  2 withered plants (D:5)
1231 creatures vanquished.

Grand Total: 1666 creatures vanquished

Notes
Turn   | Place    | Note
-------+----------+-------------------------------------------
     0 | D:1      | Essalna the Gargoyle Fire Elementalist began the quest for
                  | the Orb.
     0 | D:1      | Reached XP level 1. HP: 10/10 MP: 3/3
   257 | D:1      | Reached XP level 2. HP: 16/16 MP: 0/5
   345 | D:2      | Reached skill level 1 in Fighting
   450 | D:2      | Reached skill level 2 in Conjurations
   450 | D:2      | Reached XP level 3. HP: 20/20 MP: 0/6
   573 | D:2      | Reached XP level 4. HP: 26/26 MP: 3/7
   654 | D:2      | Identified the +1 ice dragon scales of Free Expression {rF-
                  | rC++ Str+2}
  1467 | D:1      | Reached XP level 5. HP: 31/31 MP: 2/8
  1529 | D:1      | Learned a level 2 spell: Scorch
  1767 | D:2      | Reached skill level 1 in Armour
  1825 | D:2      | Reached skill level 3 in Conjurations
  2314 | D:2      | Learned a level 4 spell: Flame Wave
  2371 | D:3      | Identified a scroll of acquirement
  2371 | D:3      | Acquired 822 gold pieces
  3360 | D:3      | Reached XP level 6. HP: 6/37 MP: 6/9
  3495 | D:3      | Acquired 909 gold pieces
  4315 | D:4      | Found Asiytipt's General Store.
  4316 | D:4      | Found Ontytzum's Specific Store.
  4390 | D:4      | Noticed a black bear
  4395 | D:4      | Killed a black bear
  4396 | D:4      | Reached skill level 4 in Conjurations
  4396 | D:4      | Reached XP level 7. HP: 42/42 MP: 2/10
  4520 | D:5      | Entered Level 5 of the Dungeon
  4551 | D:5      | Reached skill level 5 in Fire Magic
  4577 | D:5      | Found a radiant altar of Vehumet.
  4582 | D:5      | Found a glowing golden altar of the Shining One.
  4589 | D:5      | Became a worshipper of Vehumet
  4597 | D:5      | Found an ornate altar of the Wu Jian Council.
  4597 | D:5      | Found a snail-covered altar of Cheibriados.
  4747 | D:5      | Found a sand-covered staircase.
  4754 | Ossuary  | Entered an ossuary
  5023 | Ossuary  | Reached skill level 5 in Conjurations
  5023 | Ossuary  | Reached XP level 8. HP: 48/48 MP: 2/11
  5699 | D:5      | Found an ancient bone altar of Kikubaaqudgha.
  5739 | D:5      | Reached skill level 5 in Fighting
  5909 | D:5      | Noticed a yak
  6042 | D:6      | Noticed Sigmund
  6047 | D:6      | Killed Sigmund
  6139 | D:6      | Reached skill level 5 in Armour
  6366 | D:6      | Reached skill level 6 in Conjurations
  6719 | D:5      | Killed a yak
  6720 | D:5      | Reached XP level 9. HP: 17/55 MP: 1/12
  6983 | D:5      | Found a burning altar of Makhleb.
  7070 | D:6      | Found a staircase to the Ecumenical Temple.
  7339 | D:6      | Reached * piety under Vehumet
  7339 | D:6      | Offered knowledge of Kiss of Death by Vehumet.
  7431 | D:6      | Found a hazy altar of Hepliaklqana.
  7826 | D:6      | Reached skill level 7 in Conjurations
  7955 | D:7      | Found a bloodstained altar of Trog.
  8749 | D:7      | Reached XP level 10. HP: 63/63 MP: 2/13
  8885 | D:7      | Found a sacrificial altar of Ru.
  9286 | D:7      | Reached skill level 8 in Conjurations
  9754 | D:8      | Offered knowledge of Static Discharge by Vehumet.
  9810 | D:8      | Reached ** piety under Vehumet
 10282 | D:8      | Found an opulent altar of Gozag.
 10762 | D:9      | Found a transporter.
 10769 | D:9      | Noticed an orc high priest
 10772 | D:9      | Noticed a deep elf knight
 10773 | D:9      | Noticed a kobold demonologist
 10929 | D:9      | Noticed a kobold demonologist
 10940 | D:9      | Noticed a two-headed ogre
 10945 | D:9      | Killed a two-headed ogre
 11099 | D:9      | Reached skill level 9 in Conjurations
 11151 | D:9      | Noticed Grum
 11161 | D:9      | Killed Grum
 11162 | D:9      | Reached XP level 11. HP: 30/71 MP: 1/14
 11430 | D:9      | Offered knowledge of Ignite Poison by Vehumet.
 11709 | D:9      | Noticed a two-headed ogre
 11715 | D:9      | Killed a two-headed ogre
 11863 | D:9      | Reached *** piety under Vehumet
 12140 | D:9      | Found a transporter.
 12480 | D:9      | Reached skill level 1 in Shields
 12776 | D:9      | Offered knowledge of Fulminant Prism by Vehumet.
 12907 | D:9      | Identified the +0 kite shield of Fortitude {Rampage rPois}
 12911 | D:9      | Found a staircase to the Lair.
 12991 | Lair:1   | Entered Level 1 of the Lair of Beasts
 12998 | Lair:1   | Noticed a catoblepas
 13150 | D:10     | Entered Level 10 of the Dungeon
 13218 | D:10     | Noticed a manticore
 13237 | D:10     | Noticed a deep elf pyromancer
 13375 | D:10     | Reached skill level 10 in Conjurations
 13396 | D:10     | Reached skill level 10 in Fighting
 13472 | D:10     | Killed a deep elf pyromancer
 13587 | D:10     | Killed a manticore
 13655 | D:10     | Reached **** piety under Vehumet
 13667 | D:10     | Noticed a centaur warrior
 13675 | D:10     | Killed a centaur warrior
 13956 | D:10     | Reached XP level 12. HP: 65/77 MP: 11/15
 14059 | D:10     | Reached skill level 10 in Fire Magic
 14224 | D:10     | Offered knowledge of Iskenderun's Mystic Blast by Vehumet.
 14225 | D:10     | Reached skill level 10 in Armour
 14233 | D:10     | Noticed a two-headed ogre
 14238 | D:10     | Killed a two-headed ogre
 14583 | D:10     | Identified the +8 eveningstar of Xedaet {chaos, rElec
                  | Stlth+}
 14583 | D:10     | Noticed a death knight
 14755 | D:10     | Noticed a two-headed ogre
 14759 | D:10     | Killed a two-headed ogre
 15022 | D:11     | Identified the +6 dagger of Big Damage {antimagic, rPois
                  | rC+ Str-4}
 15087 | D:11     | Noticed Sonja
 15093 | D:11     | Killed Sonja
 15094 | D:11     | Noticed Nergalle
 15121 | D:11     | Killed Nergalle
 15122 | D:11     | Reached skill level 11 in Conjurations
 15165 | D:11     | Found a white marble altar of Elyvilon.
 15328 | D:11     | You fall into a shaft and drop 3 floors!
 15403 | D:14     | Found a sparkling altar of Nemelex Xobeh.
 15430 | D:14     | Noticed a boulder beetle
 15486 | D:14     | Noticed an eight-headed hydra
 15493 | D:14     | Noticed a boulder beetle
 15615 | D:14     | Found a gate to the Vaults.
 15615 | D:14     | Noticed a vault guard
 15615 | D:14     | Noticed a vault guard
 15615 | D:14     | Noticed a vault guard
 15615 | D:14     | Noticed a vault guard
 15615 | D:14     | Noticed a vault guard
 15616 | D:14     | Noticed a vault guard
 15616 | D:14     | Noticed a vault guard
 15810 | D:12     | Acquired 771 gold pieces
 15814 | D:12     | Acquired 779 gold pieces
 16234 | D:13     | Noticed a centaur warrior
 16245 | D:13     | Killed a centaur warrior
 16416 | D:13     | Noticed a centaur warrior
 16423 | D:13     | Killed a centaur warrior
 16530 | D:13     | Reached XP level 13. HP: 79/85 MP: 7/16
 16877 | D:12     | Reached skill level 12 in Conjurations
 16949 | D:12     | Found a staircase to the Orcish Mines.
 16956 | Orc:1    | Entered Level 1 of the Orcish Mines
 16958 | Orc:1    | Noticed an orc warlord
 16963 | Orc:1    | Reached ***** piety under Vehumet
 16966 | Orc:1    | Offered knowledge of Conjure Ball Lightning by Vehumet.
 17650 | Lair:1   | Noticed Harold
 17819 | Lair:2   | Found a staircase to the Snake Pit.
 18743 | Lair:2   | Found the +3 pair of seven-league boots {Rampage+∞}
 19259 | Lair:2   | Noticed Gastronok
 19344 | Lair:2   | Killed Gastronok
 19544 | Lair:2   | Identified the +9 mace of Disgust {protect, Str+2}
 19704 | Lair:3   | Reached skill level 13 in Conjurations
 19713 | Lair:3   | Engulfed by a cloud of flame

Illustrated notes

Levels and vault maps discovered:
D:1:      psy_arrival_fountain, layout_basic
D:2:      layout_rooms, minmay_goblin_kobold_house
D:3:      layout_basic, cheibrodos_gnoll_hut
D:4:      black_bear_nest_1, layout_basic, nicolae_specific_store,
          nicolae_elevator_lobby_plus
D:5:      layout_rooms, kiku_gazebo_garden_becter, minitemple,
          nicolae_ossuary_entry_monument, chequers_garden,
          minmay_fractal_squares_gapless_5
D:6:      layout_gridville, lemuel_crystal_altar,
          minmay_temple_entry_gardened_gates, minmay_hedge_maze,
          hangedman_abyss_or_decor_passed, kennysheep_generic_room_16,
          uniq_sigmund
D:7:      layout_rooms, hangedman_ru_absence, trog_butcher_becter
D:8:      layout_basic, grunt_gozag_statues
D:9:      gammafunk_wand_slinger, layout_stronghold, erik_lair_dragon,
          nicolae_figureground_pulse, uniq_grum
D:10:     minmay_the_grid_octo_2x2 [minmay_the_grid_octo_concentric,
          minmay_the_grid_octo_thin_diamonds,
          minmay_the_grid_octo_vomiting_pacman,
          minmay_the_grid_octo_prize_big_c], layout_stronghold
D:11:     layout_basic, elyvilon_altar_5, uniq_sonja, uniq_nergalle
D:12:     layout_rooms, orc_0_dummy, serial_co_window_serial, co_window_paths_a,
          co_window_corner_a, co_window_paths_a, co_window_of_opportunity_a,
          co_window_paths_a, co_window_broadway_a, co_window_corner_b,
          co_window_unsneaky_path_c, co_window_sun, co_window_4corner_b,
          glass_columns_a, glass_columns_a, glass_columns_b, glass_columns_b,
          glass_columns_b, uniq_azrael
D:13:     layout_roguey
D:14:     layout_roguey, erik_vaults_2, nemelex_xobeh_ov_fountains_minmay,
          drop_trap
Lair:1:   layout_cave_pods, minmay_lair_oklob_bushes, lemuel_fruit_tree,
          uniq_harold
Lair:2:   layout_cave_pods, guppyfry_snake_entry_island,
          chequers_serial_rivers_marsh,
          hellmonk_guarded_unrand_seven_league_boots, uniq_gastronok
Lair:3:   nzn_winding_woodlands_stair_trap [nzn_winding_woodlands_5x15_zeroes,
          nzn_winding_woodlands_5x15_cabin,
          nzn_winding_woodlands_5x15_longhouse,
          nzn_winding_woodlands_15x15_eel_pit,
          nzn_winding_woodlands_5x15_default,
          nzn_winding_woodlands_5x15_sawtooth,
          nzn_winding_woodlands_5x15_lazy_stream], layout_regular_city,
          elwin_shoals_entry_stream, serial_bayou_pond_d, serial_bayou_shore_b
Orc:1:    layout_caves, kennysheep_orc_chapel, uniq_maurice

Skill      XL: |  1  2  3  4  5  6  7  8  9 10 11 12 13 |
---------------+----------------------------------------+-----
Fighting       | 1 2 3 4 6 7 9 10 11 12 | 12.9
Conjurations   | 2 3 4 5 6 7 9 10 11 13 | 13.0
Armour         | 2 3 5 7 8 9 11 | 11.0
Fire Magic     | 4 5 6 7 8 9 11 12 | 12.3
Shields        | 3 4 |  4.0
Dodging        | |  1.5
Stealth        | |  2.1
Spellcasting   | |  2.0

Action                   |  1- 3 |  4- 6 |  7- 9 | 10-12 | 13-15 || total
-------------------------+-------+-------+-------+-------+-------++-------
Melee: Unarmed           |     2 |       |       |       |       ||     2
       Dagger            |     3 |    59 |    72 |   113 |    34 ||   281
       Punch             |       |     1 |     1 |       |       ||     2
       Mace              |       |       |       |       |    14 ||    14
 Cast: Foxfire           |    34 |   150 |   187 |   295 |    82 ||   748
       Scorch            |       |    10 |    76 |   113 |    45 ||   244
       Flame Wave        |       |       |     2 |    33 |    11 ||    46
Evoke: Wand              |       |       |     5 |       |     4 ||     9
  Use: Scroll            |       |    10 |    11 |     9 |     8 ||    38
       Potion            |       |     1 |     3 |     6 |     5 ||    15
 Stab: Distracted        |       |     1 |       |       |       ||     1
       Sleeping          |       |     2 |     1 |       |       ||     3
Armor: Robe              |     2 |    37 |    60 |       |       ||    99
       Ice dragon scales |       |       |     5 |   304 |   101 ||   410
Dodge: Dodged            |     3 |    57 |    83 |   197 |    48 ||   388
       Repelled          |       |       |       |     3 |     5 ||     8
Block: Buckler           |       |       |       |    34 |    28 ||    62

Table legend: (Time is in decaauts)
 A = Elapsed time spent in this place.
 B = Non-inter-level travel time spent in this place.
 C = Inter-level travel time spent in this place.
 D = Time resting spent in this place.
 E = Time spent auto-exploring this place.
 F = Levels seen in this place.
 G = Mean time per level.
                   A        B        C        D        E       F      G
               +--------+--------+--------+--------+--------+-----+--------+
         Total |  19716 |  18863 |    853 |   1048 |  14596 |  19 | 1037.7 |
       Dungeon |  16563 |  15751 |    812 |    783 |  12242 |  14 | 1183.1 |
          Lair |   2395 |   2354 |     41 |    265 |   1720 |   3 |  798.3 |
  Orcish Mines |     12 |     12 |      0 |      0 |      0 |   1 |   12.0 |
       Ossuary |    744 |    744 |      0 |      0 |    634 |   1 |  744.0 |
               +--------+--------+--------+--------+--------+-----+--------+

Top non-repeatable levels by time:
     D:9: 2207 daAuts
  Lair:2: 1992 daAuts
     D:6: 1779 daAuts
    D:10: 1729 daAuts
     D:8: 1534 daAuts
     D:3: 1294 daAuts
     D:7: 1257 daAuts
     D:2: 1193 daAuts
     D:5: 1168 daAuts
     D:1: 1067 daAuts
     D:4: 963 daAuts
    D:12: 916 daAuts
 Ossuary: 744 daAuts
    D:13: 664 daAuts
    D:11: 516 daAuts
